 Dungeon Crawl Stone Soup version 0.31.0-11-ge490571c62 (webtiles) character file.

Game seed: 10554179655728997665

27 Arctor the Firebug (level 2, -2/15 HPs)
             Began as a Deep Elf Fire Elementalist on Feb 2, 2024.
             Slain by a scorpion (4 damage)
             ... on level 1 of the Dungeon.
             The game lasted 00:01:12 (1171 turns).

Arctor the Firebug (Deep Elf Fire Elementalist)     Turns: 1171, Time: 00:01:12

Health: -2/15      AC:  2    Str:  5    XL:     2   Next: 93%
Magic:  0/8        EV: 13    Int: 19    God:
Gold:   69         SH:  0    Dex: 15    Spells: 4/7 levels left

rFire   . . .        c - +0 trident
rCold   . . .        (no shield)
rNeg    . . .        a - +0 robe
rPois   .            (no helmet)
rElec   .            (no cloak)
rCorr   .            (no gloves)
SInv    .            (no boots)
Will    .....        (no amulet)
Stlth   ++           (no ring)
HPRegen 0.22/turn    (no ring)
MPRegen 0.11/turn

%: no passive effects
@: lethally poisoned (-2 -> -5)
A: no striking features
a: no special abilities


You were on level 1 of the Dungeon.
You visited 1 branch of the dungeon, and saw 2 of its levels.

You collected 69 gold pieces.

Inventory:

Hand Weapons
 c - a +0 trident (weapon)
Armour
 a - a +0 robe (worn)
Scrolls
 e - a scroll of amnesia {unknown}
 f - a scroll of teleportation {unknown}
 g - a scroll of brand weapon {unknown}
 h - a scroll of vulnerability {unknown}
 i - a scroll of identify {unknown}
Potions
 b - a potion of magic


   Skills:
 + Level 2.8 Dodging
 + Level 3.0 Stealth
 + Level 3.4 Spellcasting
 + Level 1.6 Conjurations
 + Level 3.6 Fire Magic


You had 4 spell levels left.
You knew the following spells:

 Your Spells              Type           Power      Damage    Failure   Level
a - Foxfire               Conj/Fire      52%        2x1d6     4%          1
b - Scorch                Fire           32%        2d6       4%          2

Your spell library contained the following spells:

 Spells                   Type           Power      Damage    Failure   Level
 Slow                     Hex            12%        N/A       14%         1
 Inner Flame              Hex/Fire       10%        N/A       22%         3
 Volatile Blastmotes      Fire/Tloc      20%        2d11      22%         3
 Confusing Touch          Hex            3%         N/A       41%         3
 Sigil of Binding         Hex            3%         N/A       41%         3
 Vampiric Draining        Necr           3%         2d6       41%         3
 Flame Wave               Conj/Fire      13%        2d6       45%         4


Dungeon Overview and Level Annotations

Branches:
Dungeon (2/15)

Altars:


Message History

The rat twitches its whiskers.
There is a stone staircase leading up here.
The scorpion closely misses you.
You climb upwards.
There is a stone staircase leading down here.
Casting: Scorch (safe; 4% risk of failure)
Confirm with . or Enter, or press ? or * to list all spells.
Flames lash the scorpion.
The scorpion is lightly wounded.
The scorpion's fire resistance burns away.
The scorpion misses you. x2
Casting: Scorch (safe; 4% risk of failure)
Confirm with . or Enter, or press ? or * to list all spells.
Flames lash the scorpion.
The scorpion is burned terribly!
The scorpion is heavily wounded.
The scorpion misses you.
Casting: Scorch (safe; 4% risk of failure)
Confirm with . or Enter, or press ? or * to list all spells.
You don't have enough magic to cast this spell.
Casting: Scorch (safe; 4% risk of failure)
Confirm with . or Enter, or press ? or * to list all spells.
You don't have enough magic to cast this spell.
Unknown command.
It was a potion of heal wounds.
You feel much better. The scorpion closely misses you.
It was a potion of curing.
You feel better. The scorpion closely misses you.
The scorpion attacks as it pursues you! The scorpion stings you.
You are poisoned.
The scorpion poisons you!
You feel sick. The scorpion attacks as it pursues you!
The scorpion closely misses you. The scorpion completely misses you.
You feel sick.
The scorpion is no longer more vulnerable to fire.
You see here a +0 trident.
c - a +0 trident You feel sick.
The scorpion stings you.
* * * LOW HITPOINT WARNING * * *
c - a +0 trident (weapon)
The scorpion stings you.
You die...

#..##...#.#####....†
#.###.#.#..# #..###
##.....#....# ##..#
###...#######.# #..##
##.......## #.# #....
##..>......####.#####....
#...........#..........##
#.............#.##.......
#......s@................
##.......................
##....#...##.............
#..#.#######.............
#.##.# ######...........
##.##.# #......####......
#..#..# #...#####.......#
#.#..## #.........#.###.#
##...## #.>.#####........


You could see a scorpion.

Vanquished Creatures
  5 bats (D:1)
  2 endoplasms
  A goblin (D:1)
  4 hobgoblins (D:1)
  4 kobolds (D:1)
  2 quokkas (D:1)
  2 ball pythons (D:1)
  A frilled lizard (D:1)
  3 rats
24 creatures vanquished.

Vanquished Creatures (others)
  117 foxfires
117 creatures vanquished.

Grand Total: 141 creatures vanquished

Notes
Turn   | Place    | Note
-------+----------+-------------------------------------------
     0 | D:1      | Arctor the Deep Elf Fire Elementalist began the quest for
                  | the Orb.
     0 | D:1      | Reached XP level 1. HP: 10/10 MP: 6/6
   327 | D:1      | Reached XP level 2. HP: 15/15 MP: 5/8
   391 | D:1      | Learned a level 2 spell: Scorch
  1143 | D:2      | Noticed a scorpion
  1171 | D:1      | Slain by a scorpion

Illustrated notes

Levels and vault maps discovered:
D:1:      kennysheep_arrival_forest, layout_rooms
D:2:      layout_basic

Skill      XL: |  1  2 |
---------------+-------+-----
Stealth        | 3 |  3.0
Dodging        | |  2.8
Spellcasting   | |  3.4
Conjurations   | |  1.6
Fire Magic     | |  3.6

Action                     || total
---------------------------++-------
  Melee: Unarmed           ||    12
   Cast: Foxfire           ||    71
         Scorch            ||     7
    Use: Potion            ||     2
 Armour: Robe              ||     9
  Dodge: Dodged            ||    27
